 Dungeon Crawl Stone Soup version 0.24-a0-479-g9a978d2894 (webtiles) character file.

Game seed: 17411224972284464815

176 Mithandil the Conjurer (level 5, 0/28 HPs)
             Began as a Deep Elf Conjurer on July 8, 2019.
             Succumbed to a worker ant's poison
             ... on level 4 of the Dungeon.
             The game lasted 00:29:56 (3168 turns).

Mithandil the Conjurer (Deep Elf Conjurer)          Turns: 3168, Time: 00:29:56

Health: 0/28       AC:  3    Str:  6    XL:     5   Next: 30%
Magic:  1/13       EV: 12    Int: 20    God:
Gold:   225        SH:  0    Dex: 15    Spells: 6/13 levels left

rFire    . . .     SeeInvis .   n - +0 dagger
rCold    . . .     Gourm    .   (no shield)
rNeg     . . .     Faith    .   i - +0 leather armour
rPois    .         Spirit   .   (no helmet)
rElec    .         Reflect  .   (no cloak)
rCorr    .         Harm     .   (no gloves)
MR       .....                  (no boots)
Stlth    ++........             (no amulet)
HPRegen  0.09/turn              (no ring)
MPRegen  0.13/turn              (no ring)

@: lethally poisoned (0 -> -12), very slightly contaminated
A: no striking features
a: no special abilities


You were on level 4 of the Dungeon.
You were not hungry.

You visited 1 branch of the dungeon, and saw 4 of its levels.

You collected 225 gold pieces.

Inventory:

Hand Weapons
 d - a +0 short sword
 n - a +0 dagger (weapon)
 p - a +3 longbow
Missiles
 g - 22 stones (quivered)
 o - 35 arrows
Armour
 i - a +0 leather armour (worn)
Scrolls
 h - 2 scrolls of identify
 j - a scroll of teleportation
 k - a scroll of remove curse
 q - a scroll of fog
Potions
 a - a potion of haste {unknown}
 b - a potion of heal wounds {unknown}
 e - a potion of agility {unknown}
 f - a potion of curing {unknown}
 m - 2 potions of degeneration {unknown}
 r - 2 potions of might {unknown}
Comestibles
 c - 4 rations
 l - 5 chunks of flesh


   Skills:
 + Level 0.1 Fighting
 + Level 0.4 Short Blades
 + Level 0.3 Armour
 + Level 2.5 Dodging
 + Level 2.7 Stealth
 * Level 4.6 Spellcasting
 * Level 6.3 Conjurations


You had 6 spell levels left.
You knew the following spells:

 Your Spells              Type           Power        Failure   Level  Hunger
a - Magic Dart            Conj           ####         1%          1    None
b - Searing Ray           Conj           ####..       1%          2    #......
c - Force Lance           Conj/Tloc      ###.....     45%         4    ####...

Your spell library contained the following spells:

 Spells                   Type           Power        Failure   Level  Hunger
 Iskenderun's Mystic Bla  Conj           ####....     14%         4    ####...
 Dazzling Spray           Conj/Hex       ###...       16%         3    ##.....
 Fulminant Prism          Conj/Hex       ###.......   45%         4    ####...


Dungeon Overview and Level Annotations

Branches:
Dungeon (4/15)
 Temple: D:4-7

Altars:
Elyvilon
Fedhas
Makhleb
Wu Jian
Yredelemnul
Zin


Message History

Confirm with . or Enter, or press ? or * to list all spells.
Aiming: Force Lance (quite dangerous; 45% risk of failure)
Press: ? - help, Shift-Dir - straight line, f/p - worker ant
Aim: a worker ant You miscast Force Lance.
You are very lightly contaminated with residual magic.
You are caught in a strong localised spatial distortion.
Ouch! That really hurt!
* * * LOW HITPOINT WARNING * * *
x2 You feel sick.
The worker ant bites you.
* * * LOW HITPOINT WARNING * * *
You are more poisoned.
The worker ant poisons you!
Casting: Force Lance (quite dangerous; 45% risk of failure)
Confirm with . or Enter, or press ? or * to list all spells.
Aiming: Force Lance (quite dangerous; 45% risk of failure)
Press: ? - help, Shift-Dir - straight line, f/p - worker ant
Aim: a worker ant You miscast Force Lance.
Your hair stands on end.
You die...

...###
####..#......####.
...########.......### .
.........###........##..
.........##............#
#.....#.## #...........#
.#....#.# #...<........
........####...#..#....
..#......#...###.## .
####.......#.#.a@.#
###....###.....# #.....
#.##....
#####....####.## #.. .#
#... .. ####. ... .? ...


You could see a worker ant.

Vanquished Creatures
  Jessica (D:3)
  5 adders
  An ooze (D:1)
  3 worms
  3 dart slugs
  4 leopard geckos
  8 orcs
  5 giant cockroaches
  7 goblins
  4 hobgoblins
  7 jackals
  A quokka (D:2)
  A ball python (D:1)
  7 bats
  4 frilled lizards
  7 kobolds
  8 rats
76 creatures vanquished.

Notes
Turn   | Place    | Note
-------+----------+-------------------------------------------
     0 | D:1      | Mithandil the Deep Elf Conjurer began the quest for the
                  | Orb.
     0 | D:1      | Reached XP level 1. HP: 10/10 MP: 6/6
   187 | D:1      | Reached XP level 2. HP: 12/15 MP: 1/8
   191 | D:1      | Learned a level 2 spell: Searing Ray
   288 | D:1      | Reached skill level 5 in Conjurations
   578 | D:1      | You fall into a shaft and drop 1 floor!
   581 | D:2      | Reached XP level 3. HP: 19/19 MP: 5/9
  1164 | D:1      | Reached XP level 4. HP: 24/24 MP: 8/10
  1386 | D:2      | Learned a level 4 spell: Force Lance
  1488 | D:2      | Reached skill level 6 in Conjurations
  1492 | D:2      | Found a basalt altar of Yredelemnul.
  2294 | D:4      | Found an ornate altar of the Wu Jian Council.
  2299 | D:4      | Found a burning altar of Makhleb.
  2304 | D:4      | Found a glowing silver altar of Zin.
  2305 | D:4      | Noticed a balrug
  2305 | D:4      | Noticed an angel
  2336 | D:4      | Noticed a phantom
  2376 | D:4      | Found a blossoming altar of Fedhas.
  2390 | D:4      | Found a white marble altar of Elyvilon.
  2500 | D:3      | Noticed Jessica
  2505 | D:3      | Killed Jessica
  2505 | D:3      | Reached XP level 5. HP: 28/28 MP: 2/13
  3167 | D:4      | HP: 1/28 [worker ant (1)]
  3168 | D:4      | Succumbed to a worker ant's poison

Levels and vault maps discovered:
D:1:      co_arrival_random_square_maze, layout_rooms
D:2:      kennysheep_six_static_rooms, layout_basic,
          nicolae_overflow_hidden_temple
D:3:      layout_loops_ring, first_ration, makhleb_blood_cavern_becter,
          uniq_jessica
D:4:      layout_cave_pools, grunt_temple_overflow_order_and_chaos_2,
          grunt_temple_overflow_open, portal_sewer_entry_a, uniq_edmund

Skill      XL: |  1  2  3  4 |
---------------+-------------+-----
Conjurations   | 5 6 |  6.3
Spellcasting   | 4 |  4.6
Fighting       | |  0.1
Short Blades   | |  0.4
Armour         | |  0.3
Dodging        | |  2.5
Stealth        | |  2.7

Action                   |  1- 3 |  4- 6 || total
-------------------------+-------+-------++-------
Melee: Short sword       |    17 |       ||    17
       Dagger            |       |    27 ||    27
 Cast: Magic Dart        |    77 |    87 ||   164
       Force Lance       |       |     4 ||     4
  Use: Scroll            |       |     6 ||     6
  Eat: Chunk             |     1 |     4 ||     5
       Ration            |       |     1 ||     1
Armor: Leather armour    |    14 |     8 ||    22
       Robe              |     1 |       ||     1
Dodge: Dodged            |    28 |    28 ||    56

Table legend:
 A = Non-vault XP
 B = Vault XP
 C = Vault XP percentage of total XP
 D = Non-vault monster count
 E = Vault monster count
 F = Vault count percentage of total count
                 A         B        C        D         E       F
            +---------+---------+-------+---------+---------+-------
      Total |     192 |      60 |  23.8 |      69 |       7 |   9.2
            +---------+---------+-------+---------+---------+-------
        D:1 |      44 |       0 |   0.0 |      24 |       0 |   0.0
        D:2 |      69 |      23 |  25.0 |      21 |       6 |  22.2
        D:3 |      65 |      37 |  36.3 |      18 |       1 |   5.3
        D:4 |      14 |       0 |   0.0 |       6 |       0 |   0.0
            +---------+---------+-------+---------+---------+-------
